 Dungeon Crawl Stone Soup version 0.29-a0-334-gb41bcbb86e (webtiles) character file.

Game seed: 4690427464528740929

147 zeratav the Ruffian (level 5, 0/45 HPs)
             Began as a Naga Transmuter on Apr 14, 2022.
             Slain by an orc
             ... wielding a +0 hand axe
              (2 damage)
             ... on level 4 of the Dungeon.
             The game lasted 00:04:28 (3473 turns).

zeratav the Ruffian (Naga Transmuter)               Turns: 3473, Time: 00:04:29

Health: 0/45       AC:  9    Str: 15    XL:     5   Next: 29%
Magic:  8/8        EV:  9    Int: 13    God:
Gold:   177        SH:  0    Dex: 11    Spells: 7/8 levels left

rFire   + . .      SeeInvis +   d - +2 whip (venom) {mace}
rCold   + . .      Faith    .   (no shield)
rNeg    . . .      Spirit   .   l - +0 ring mail
rPois   +          Reflect  .   v - +0 helmet
rElec   .          Harm     .   q - scarf {rC+ rF+}
rCorr   .          Rampage  .   (no gloves)
Will    .....                   (no barding)
Stlth   +.........              (no amulet)
HPRegen 0.15/turn               k - +4 ring of protection
MPRegen 0.11/turn               (no ring)

@: very slow
A: AC +1, large, see invisible, deformed body, poison resistance, slowness 2,
spit poison 1, naga tail 1
a: Spit Poison


You were on level 4 of the Dungeon.
You visited 1 branch of the dungeon, and saw 4 of its levels.

You collected 177 gold pieces.


Innate Abilities, Weirdness & Mutations

Your serpentine skin is tough. (AC +1)
You have supernaturally acute eyesight. (SInv)
Armour fits poorly on your strangely shaped body.
Your system is resistant to poisons. (rPois)
You cover ground very slowly.
You can spit poison.
You have a snake-like lower body.


   Skills:
 + Level 2.2 Fighting
 + Level 0.3 Armour
 + Level 2.3 Dodging
 + Level 3.1 Stealth
 * Level 4.3 Unarmed Combat
 - Level 2.0 Spellcasting
 - Level 2.0 Transmutations


You had 7 spell levels left.
You knew the following spells:

 Your Spells              Type           Power      Damage    Failure   Level
a - Beastly Appendage     Tmut           12%        N/A       22%         1

Your spell library contained the following spells:

 Spells                   Type           Power      Damage    Failure   Level
 Wereblood                Tmut           6%         N/A       32%         2
 Foxfire                  Conj/Fire      4%         2x1d4     45%         1
 Spider Form              Tmut/Pois      3%         N/A       69%         3
 Conjure Flame            Conj/Fire      1%         6-21      83%         3
 Gell's Gravitas          Tloc           1%         N/A       83%         3
 Inner Flame              Hex/Fire       1%         N/A       83%         3
 Lesser Beckoning         Tloc           1%         N/A       83%         3
 Teleport Other           Tloc           1%         N/A       83%         3
 Ice Form                 Ice/Tmut       3%         N/A       97%         4
 Flame Wave               Conj/Fire      1%         2d4       99%         4

Inventory:

Hand Weapons
 d - a +2 whip of venom (weapon) {mace}
   (You took it off a kobold on level 1 of the Dungeon)
Armour
 l - a +0 ring mail (worn)
   (You found it on level 2 of the Dungeon)
 m - a +0 plate armour
   (You found it on level 2 of the Dungeon)
 q - a scarf of resistance (worn)
   (You found it on level 2 of the Dungeon)
 v - a +0 helmet (worn)
   (You found it on level 3 of the Dungeon)
Jewellery
 k - a +4 ring of protection (left hand)
   (You found it on level 2 of the Dungeon)
Wands
 n - a wand of flame (19)
   (You found it on level 3 of the Dungeon)
Scrolls
 a - 2 scrolls of immolation {unknown}
 h - 4 scrolls of identify {unknown}
 i - 3 scrolls of acquirement {unknown}
 j - a scroll of fog {unknown}
 p - 3 scrolls of magic mapping {unknown}
 s - a scroll of enchant armour {unknown}
 t - a scroll of fear {unknown}
Potions
 b - a potion of lignification {!q}
 c - a potion of attraction {unknown}
 e - 3 potions of mutation {unknown}
 f - a potion of cancellation {unknown}
 g - 2 potions of curing {unknown}
 o - a potion of invisibility {unknown}
 r - a potion of degeneration {unknown}
 u - a potion of might {unknown}

Dungeon Overview and Level Annotations

Branches:
Dungeon (4/15)
 Temple: D:4-7

Altars:

####### #####
#.....# ##@o.##
#.###.####
##.###o##
#.#......#####.##
##.###
#..............#
#.o.#
#........#####.#
##.#....#
##..###.##
##.###.##.##.#
#..<##.# #..o## #
# #.#.##.# #.###
#.#.##.# #.#


You could see 2 orcs.


Message History

MP[+1]
Your mp is fully restored (8).
The endoplasm freezes you.
You are frozen.
You resist.
HP[-1]
You take 1 damage, and now have 44/45 hp.
You hit the endoplasm.
The endoplasm is poisoned.
You headbutt the endoplasm, but do no damage.
The endoplasm barely misses you.
You hit the endoplasm.
You kill the endoplasm!
Your horns disappear.
Your +0 helmet unmelds from your body.
No target in view!
No target in view!
No target in view!
No target in view!
No target in view!
No target in view!
No target in view!
No target in view!
No target in view!
No target in view!
No target in view!
You now have 177 gold pieces (gained 14).
Found a stone staircase leading up.
HP[+1]
Your hp is fully restored (45).
There is a stone staircase leading up here.
An orc comes into view. It is wielding a +0 trident.
You grow a pair of large bovine horns.
Your +0 helmet melds into your body.
MP[-1]
You lost 1 mp, and now have 7/8 mp.
The orc shouts!
You hear a shout! 2 orc priests and 2 orcs come into view.
The orc priest shouts!
The orc shouts! x2
The orc closely misses you. The orc hits you with a +0 trident.
HP[-5]
You take 5 damage, and now have 40/45 hp.
You whack the orc!
You kill the orc!
You closely miss the orc. Your punch misses the orc.
Your transformation is almost over.
The orc hits you but does no damage.
HP[+1]
You closely miss the orc. You barely miss the orc. The orc barely misses you.
You hit the orc but do no damage.
The orc is poisoned.
Your headbutt misses the orc. The orc hits you but does no damage.
The orc priest mumbles some strange prayers to Beogh against you.
Beogh smites you! The orc barely misses you.
HP[-15] MP[+1]
You take 15 damage, and now have 26/45 hp.
MASSIVE DAMAGE!! (PAUSE)
Your mp is fully restored (8).
You are too injured to fight recklessly!
You are too injured to fight recklessly!
You are too injured to fight recklessly!
You are too injured to fight recklessly!
You are too injured to fight recklessly!
You are too injured to fight recklessly!
You are too injured to fight recklessly!
You are too injured to fight recklessly!
You are too injured to fight recklessly!
You are too injured to fight recklessly!
You are too injured to fight recklessly!
You closely miss the orc. Your headbutt misses the orc.
The orc barely misses you. x2
The orc attacks as you move away! The orc hits you with a +0 whip.
The orc priest invokes the aid of Beogh against you.
Beogh smites you!
* * * LOW HITPOINT WARNING * * *
HP[-19]
You take 19 damage, and now have 7/45 hp.
MASSIVE DAMAGE!! (PAUSE)
The orc attacks as you move away! The orc hits you but does no damage.
HP[+1]
The orc attacks as you move away! The orc completely misses you.
Your horns disappear.
Your +0 helmet unmelds from your body.
The orc hits you with a +0 hand axe.
* * * LOW HITPOINT WARNING * * *
HP[-2]
You take 2 damage, and now have 6/45 hp.
The orc looks more healthy.
The orc attacks as you move away! The orc hits you but does no damage.
The orc hits you but does no damage. The orc attacks as you move away!
The orc hits you but does no damage.
HP[+1]
The orc attacks as you move away! The orc hits you but does no damage.
The orc hits you with a +0 hand axe.
* * * LOW HITPOINT WARNING * * *
HP[-5]
You take 5 damage, and now have 2/45 hp.
The orc attacks as you move away! The orc hits you with a +0 hand axe.
* * * LOW HITPOINT WARNING * * *
HP[-1]
You take 1 damage, and now have 1/45 hp.
The orc attacks as you move away! The orc barely misses you.
The orc hits you with a +0 hand axe.
You die...

Skill      XL: |  1  2  3  4  5 |
---------------+----------------+-----
Stealth        | 1 2 3 |  3.1
Dodging        | 2 |  2.3
Fighting       | 2 |  2.2
Unarmed Combat | 4 |  4.3
Armour         | |  0.3
Spellcasting   | |  2.0
Transmutations | |  2.0

Action                   |  1- 3 |  4- 6 || total
-------------------------+-------+-------++-------
Melee: Unarmed           |    16 |       ||    16
       Headbutt          |     9 |     5 ||    14
       Whip              |    60 |    60 ||   120
       Punch             |     1 |     1 ||     2
 Cast: Beastly Appendage |    16 |    15 ||    31
 Stab: Distracted        |     1 |       ||     1
       Sleeping          |     2 |     2 ||     4
Armor: Robe              |    23 |    17 ||    40
       Ring mail         |       |    12 ||    12
Dodge: Dodged            |    40 |    29 ||    69

Levels and vault maps discovered:
D:1:      lightli_iron_boxes, layout_loops_ring,
          dreamdust_ecumenical_altar_hidden_monk_grotto
D:2:      layout_basic, serial_aquarium, aquarium_bridge_island_small
          [aquarium_subvault_small_open, aquarium_subvault_balcony,
          aquarium_subvault_wall, aquarium_subvault_bridge,
          aquarium_subvault_window], aquarium_window_1, aquarium_window_1,
          aquarium_view_2a, aquarium_view_2f, aquarium_pool_split,
          minmay_goblin_kobold_house
D:3:      layout_rooms, serial_bayou_lagoon_a
D:4:      minmay_chambers_of_twos, layout_loops_cross,
          minmay_temple_entry_overgrown, uniq_grinder

Notes
Turn   | Place    | Note
-------+----------+-------------------------------------------
     0 | D:1      | zeratav the Naga Transmuter began the quest for the Orb.
     0 | D:1      | Reached XP level 1. HP: 18/18 MP: 3/3
     2 | D:1      | magus.rc [v1.9.6]
   273 | D:1      | Reached XP level 2. HP: 10/25 MP: 3/5
   591 | D:1      | Reached skill level 1 in Stealth
   929 | D:1      | Reached XP level 3. HP: 26/31 MP: 6/6
  1114 | D:1      | Found a faded altar of an unknown god.
  1439 | D:2      | Reached skill level 2 in Dodging
  1439 | D:2      | Reached skill level 2 in Stealth
  1466 | D:2      | Noticed a scorpion
  1475 | D:2      | Killed a scorpion
  1476 | D:2      | Reached skill level 2 in Fighting
  1476 | D:2      | Reached skill level 4 in Unarmed Combat
  1476 | D:2      | Reached XP level 4. HP: 30/39 MP: 5/7
  2161 | D:2      | Reached XP level 5. HP: 32/45 MP: 6/8
  2166 | D:2      | You pick up a book of Flames and begin reading...
  2166 | D:2      | You add the spells Foxfire, Conjure Flame, Inner Flame and
                  | Flame Wave to your library.
  2391 | D:2      | Reached skill level 3 in Stealth
  3064 | D:3      | You pick up a book of Displacement and begin reading...
  3064 | D:3      | You add the spells Lesser Beckoning, Gell's Gravitas and
                  | Teleport Other to your library.
  3463 | D:4      | HP: 7/45 [orc priest/divine providence (17)]
  3470 | D:4      | HP: 2/45 [orc/+0 hand axe (5)]
  3473 | D:4      | Slain by an orc

Vanquished Creatures
  A scorpion (D:2)
  2 adders
  2 worms
  3 dart slugs
  An orc (D:4)
  4 ball pythons
  5 bats
  6 endoplasms
  A giant cockroach (D:2)
  6 goblins
  4 hobgoblins
  5 jackals
  9 kobolds
  3 frilled lizards
  3 rats
55 creatures vanquished.

Table legend:
 A = Non-vault XP
 B = Vault XP
 C = Vault XP percentage of total XP
 D = Non-vault monster count
 E = Vault monster count
 F = Vault count percentage of total count
                 A         B        C        D         E       F
            +---------+---------+-------+---------+---------+-------
      Total |     200 |      10 |   4.8 |      50 |       5 |   9.1
            +---------+---------+-------+---------+---------+-------
        D:1 |      38 |       0 |   0.0 |      20 |       0 |   0.0
        D:2 |     128 |      10 |   7.2 |      19 |       5 |  20.8
        D:3 |      29 |       0 |   0.0 |       9 |       0 |   0.0
        D:4 |       5 |       0 |   0.0 |       2 |       0 |   0.0
            +---------+---------+-------+---------+---------+-------

Illustrated notes

Table legend:
 A = Kills in this place as a percentage of kills in entire the game.
 B = Kills by you in this place as a percentage of kills by you in the entire game.
 C = Kills by friends in this place as a percentage of kills by friends in the entire game.
 D = Other kills in this place as a percentage of other kills in the entire game.
 E = Experience gained in this place as a percentage of experience gained in the entire game.
 F = Experience gained in this place divided by the number of levels of this place that you have seen.
                   A       B       C       D       E      F
               +-------+-------+-------+-------+-------+----------------------
         Total | 100.0 | 100.0 |   N/A |   N/A | 100.0 |  52.5
       Dungeon | 100.0 | 100.0 |   N/A |   N/A | 100.0 |  52.5
               +-------+-------+-------+-------+-------+----------------------

Table legend: (Time is in decaauts)
 A = Elapsed time spent in this place.
 B = Non-inter-level travel time spent in this place.
 C = Inter-level travel time spent in this place.
 D = Time resting spent in this place.
 E = Time spent auto-exploring this place.
 F = Levels seen in this place.
 G = Mean time per level.
                   A        B        C        D        E       F      G
               +--------+--------+--------+--------+--------+-----+--------+
         Total |   4308 |   4209 |     99 |    532 |   3165 |   4 | 1077.0 |
       Dungeon |   4308 |   4209 |     99 |    532 |   3165 |   4 | 1077.0 |
               +--------+--------+--------+--------+--------+-----+--------+

Top non-repeatable levels by time:
     D:2: 1873 daAuts
     D:1: 1408 daAuts
     D:3: 926 daAuts
     D:4: 99 daAuts
